 Dungeon Crawl Stone Soup version 0.28.0-53-g5a82cb258f (webtiles) character file.

Game seed: 16195334833995262290

55 gobodom the Magician (level 3, -5/21 HPs)
             Began as an Octopode Hedge Wizard on June 21, 2022.
             Slain by Crazy Yiuf
             ... wielding a +2 quarterstaff of chaos
              (9 damage)
             ... on level 2 of the Dungeon.
             The game lasted 00:07:14 (2499 turns).

gobodom the Magician (Octopode Hedge Wizard)        Turns: 2499, Time: 00:07:16

Health: -5/21      AC:  5    Str: 11    XL:     3   Next: 93%
Magic:  4/8        EV: 13    Int: 16    God:
Gold:   47         SH:  0    Dex: 11    Spells: 4/10 levels left

rFire   . . .      SeeInvis .   a - +0 dagger
rCold   . . .      Faith    .   (no shield)
rNeg    . . .      Spirit   .   b - +0 hat
rPois   .          Reflect  .   (no amulet)
rElec   .          Harm     .   h - +4 ring of protection
rCorr   .          Rampage  .   (no ring)
Will    .....                   (no ring)
Stlth   +++.......              (no ring)
HPRegen 0.07/turn               (no ring)
MPRegen 0.11/turn               (no ring)
                                (no ring)
                                (no ring)

@: very slightly contaminated
A: almost no armour, amphibious, 8 rings, camouflage 1, gelatinous body 1,
(nimble swimmer 1), tentacles
a: no special abilities


You were on level 2 of the Dungeon.
You visited 1 branch of the dungeon, and saw 2 of its levels.

You collected 47 gold pieces.

Inventory:

Hand Weapons
 a - a +0 dagger (weapon)
Missiles
 i - 5 poisoned darts
 l - 56 stones
Armour
 b - a +0 hat (worn)
Jewellery
 h - a +4 ring of protection (left tentacle)
Scrolls
 c - a scroll of amnesia {unknown}
 d - a scroll of enchant armour {unknown}
 f - a scroll of enchant weapon {unknown}
 g - 2 scrolls of identify
 o - a scroll of magic mapping {unknown}
 p - 2 scrolls of teleportation {unknown}
Potions
 e - 2 potions of brilliance
 j - a potion of heal wounds {unknown}
 m - a potion of berserk rage {unknown}
 n - a potion of curing {unknown}


   Skills:
 + Level 0.1 Fighting
 + Level 0.1 Short Blades
 + Level 2.2 Dodging
 + Level 3.2 Stealth
 + Level 4.0 Spellcasting
 + Level 1.4 Conjurations
 + Level 1.0 Summonings
 + Level 1.0 Translocations


You had 4 spell levels left.
You knew the following spells:

 Your Spells              Type           Power      Damage    Failure   Level
a - Magic Dart            Conj           28%        1d4       10%         1
b - Slow                  Hex            12%        N/A       17%         1
c - Blink                 Tloc           12%        N/A       17%         2
d - Call Imp              Summ           6%         N/A       17%         2

Your spell library contained the following spells:

 Spells                   Type           Power      Damage    Failure   Level
 Conjure Flame            Conj/Fire      5%         6-21      36%         3
 Mephitic Cloud           Conj/Pois/Air  4%         N/A       38%         3
 Ignite Poison            Fire/Tmut/Pois 3%         N/A       45%         3
 Sticky Flame             Conj/Fire      5%         2d3       77%         4


Dungeon Overview and Level Annotations

Branches:
Dungeon (2/15)

Altars:

Annotations:
D:2 Crazy Yiuf


Innate Abilities, Weirdness & Mutations

You cannot wear most types of armour.
You are amphibious.
You can wear up to eight rings at the same time.
Your skin changes colour to match your surroundings (Stealth+).
Your rubbery body absorbs attacks. (AC +1, EV +1)
((You are camouflaged when in or above water. (Stealth+)))
You have tentacles for arms and can constrict up to eight enemies at once.


Message History

You can't see any susceptible monsters within range! (Use Z to cast anyway.) Crazy Yiuf says, "Candle sizzlefizz fast!"
Casting: Call Imp (safe; 17% risk of failure)
Confirm with . or Enter, or press ? or * to list all spells.
You can't see any susceptible monsters within range! (Use Z to cast anyway.)
Something hits your white imp.
Your white imp barely misses Crazy Yiuf.
Crazy Yiuf hits your white imp with a +2 quarterstaff of chaos!
Crazy Yiuf burns your white imp.
Your white imp dies!
Your white imp disappears in a puff of smoke!
Casting: Call Imp (safe; 17% risk of failure)
Confirm with . or Enter, or press ? or * to list all spells.
Aiming: Magic Dart (safe; 10% risk of failure)
Press: ? - help, Shift-Dir - straight line, f/p - Crazy Yiuf
Aim: Crazy Yiuf, wielding a +2 quarterstaff of chaos and wearing a +0 cloak (heavily wounded, wandering, hasn't noticed you, 100% to hit)
The magic dart hits Crazy Yiuf but does no damage.
Crazy Yiuf is heavily wounded.
Casting: Magic Dart (safe; 10% risk of failure)
Confirm with . or Enter, or press ? or * to list all spells.
Aiming: Magic Dart (safe; 10% risk of failure)
Press: ? - help, Shift-Dir - straight line, f/p - Crazy Yiuf
Aim: Crazy Yiuf, wielding a +2 quarterstaff of chaos and wearing a +0 cloak (heavily wounded, 100% to hit)
You miscast Magic Dart.
You are very lightly contaminated with residual magic.
Nothing appears to happen.
Casting: Magic Dart (safe; 10% risk of failure)
Confirm with . or Enter, or press ? or * to list all spells.
Aiming: Magic Dart (safe; 10% risk of failure)
Press: ? - help, Shift-Dir - straight line, f/p - Crazy Yiuf
Aim: Crazy Yiuf, wielding a +2 quarterstaff of chaos and wearing a +0 cloak (heavily wounded, 100% to hit)
The magic dart hits Crazy Yiuf.
Crazy Yiuf is severely wounded.
You hit Crazy Yiuf. Your grab misses Crazy Yiuf.
You squeeze Crazy Yiuf, but do no damage.
Crazy Yiuf is almost dead.
Crazy Yiuf hits you with a +2 quarterstaff of chaos!
* * * LOW HITPOINT WARNING * * *
You are electrocuted!
You die...

#.....###
#.......#######
#>....#.).....#
#.....#..####.#
###.###..# # #.# #.)#
. #######.# ##.# #
#.......####.# #
#.@......##..#.# #
#g##.#..###..#.#+##
#.##.#..# #..#.....
####.##.#..# #..#.#'##
#....##.#..###..#.#..#
#.##.......##...#.#..'
#.###########.###.####
#.#♣♣♣♣ ##....# #.....
#.'.#.♣##.....# #.####


You could see Crazy Yiuf.

Vanquished Creatures
  3 adders (D:2)
  A ball python (D:2)
  5 endoplasms
  5 goblins
  A hobgoblin (D:1)
  2 quokkas (D:1)
  3 bats
  2 frilled lizards (D:2)
  A kobold (D:2)
  5 rats
28 creatures vanquished.

Notes
Turn   | Place    | Note
-------+----------+-------------------------------------------
     0 | D:1      | gobodom the Octopode Hedge Wizard began the quest for the
                  | Orb.
     0 | D:1      | Reached XP level 1. HP: 11/11 MP: 4/4
   217 | D:1      | Found a faded altar of an unknown god.
   690 | D:1      | Reached XP level 2. HP: 17/17 MP: 3/6
  1173 | D:2      | Reached XP level 3. HP: 6/21 MP: 1/8
  1985 | D:2      | Reached skill level 4 in Spellcasting
  2341 | D:2      | Found a runed translucent door.
  2342 | D:2      | Noticed Crazy Yiuf
  2347 | D:2      | Learned a level 1 spell: Slow
  2350 | D:2      | Learned a level 2 spell: Blink
  2353 | D:2      | Learned a level 2 spell: Call Imp
  2499 | D:2      | Slain by Crazy Yiuf

Illustrated notes

Levels and vault maps discovered:
D:1:      psy_arrival_radial01, layout_basic, dreamdust_ecumenical_altar_grove
D:2:      minmay_door_path, layout_loops_cross, st_stairs_9,
          minmay_misc_feat_pillars, nrook_campfire, kennysheep_generic_room_14,
          uniq_crazy_yiuf_cottage

Skill      XL: |  1  2  3 |
---------------+----------+-----
Stealth        | 3 |  3.2
Spellcasting   | 4 |  4.0
Fighting       | |  0.1
Short Blades   | |  0.1
Dodging        | |  2.2
Conjurations   | |  1.4
Summonings     | |  1.0
Translocations | |  1.0

Action                   || total
-------------------------++-------
Melee: Dagger            ||    41
       Constrict         ||     9
       Tentacles         ||     8
       Punch             ||     1
 Cast: Magic Dart        ||    57
       Blink             ||     2
       Call Imp          ||     2
       Slow              ||     1
  Use: Scroll            ||     1
       Potion            ||     1
Armor: Skin              ||     8
Dodge: Dodged            ||    27
